 Dungeon Crawl Stone Soup version 0.16-a0-1218-g8731af7 (webtiles) character file.

282 Xen the Insei (level 6, -3/42 HPs)
             Began as an Octopode Monk on Oct 13, 2014.
             Slain by Bloax's ghost (16 damage)
             ... on level 4 of the Dungeon.
             The game lasted 00:03:02 (2116 turns).

Xen the Insei (Octopode Monk)                       Turns: 2116, Time: 00:03:02

Health: -3/42      AC:  1    Str: 12    XL:     6   Next: 28%
Magic:  6/6        EV: 13    Int: 12    God:
Gold:   136        SH:  0    Dex: 15    Spells: 0 memorised, 5 levels left

rFire  . . .     SeeInvis .       - Unarmed
rCold  . . .     Clarity  .     (no shield)
rNeg   . . .     SustAb   .     (helmet restricted)
rPois  .         Gourm    .     (no amulet)
rElec  .         Spirit   .     d - ring of protection from magic
rCorr  .         Warding  .     g - ring of flight
rMut   .         Stasis   .     (no ring)
MR     +....                    (no ring)
Stlth  +++.......               (no ring)
                                (no ring)
                                (no ring)
                                (no ring)

@: somewhat resistant to hostile enchantments, fairly stealthy
A: almost no armour, amphibious, 8 rings, constrict 8, camouflage 1, gelatinous
body 1
a: Evoke Flight


You were on level 4 of the Dungeon.
You were hungry.

You visited 1 branch of the dungeon, and saw 4 of its levels.

You collected 136 gold pieces.

Inventory:

Jewellery
 d - a ring of protection from magic (left tentacle)
 g - a ring of flight (right tentacle)
Magical devices
 m - a wand of lightning (0)
Scrolls
 a - 4 scrolls of identify {unknown}
 e - a scroll of enchant weapon {unknown}
 h - a scroll of teleportation {unknown}
 i - a scroll of immolation {unknown}
 o - a scroll of magic mapping {unknown}
Potions
 c - a potion of flight {unknown}
 f - 2 potions of curing {unknown}
 j - a potion of cancellation {unknown}
 l - a potion of resistance {unknown}
 q - a potion of restore abilities {unknown}
Comestibles
 b - 5 bread rations
 n - a meat ration
 p - 2 rotting chunks of orc flesh


   Skills:
 - Level 3.4 Fighting
 - Level 3.4 Dodging
 - Level 2.8 Stealth
 + Level 7.9 Unarmed Combat


You had 5 spell levels left.
You didn't know any spells.

Dungeon Overview and Level Annotations

Branches:
Dungeon (4/15)
 Temple: D:4-7

Altars:
Cheibriados
Sif Muna
Zin

Annotations:
D:4 Bloax's ghost, average OpFi


Innate Abilities, Weirdness & Mutations

You cannot wear most types of armour.
You are amphibious.
You can wear up to eight rings at the same time.
You can use your tentacles to constrict many enemies at once.
Your skin changes colour to match your surroundings (Stealth).
Your rubbery body absorbs attacks (AC +1).


Message History

You miss Bloax's ghost.
You squeeze Bloax's ghost, but do no damage.
Bloax's ghost is lightly damaged.
Bloax's ghost hits you!
Bloax's ghost screams, "Death is your only future!"
You bludgeon Bloax's ghost! Your squeeze misses Bloax's ghost.
Bloax's ghost is moderately damaged.
A bat comes into view.
Found a stone staircase leading up.
The bat closely misses you. Bloax's ghost hits you.
* * * LOW HITPOINT WARNING * * *
The bat hits you but does no damage.
You completely miss the bat. Your grab misses the bat.
Your slap misses the bat. The bat hits you but does no damage.
The bat hits you but does no damage. The bat barely misses you.
The bat completely misses you.
You tentacle-slap the bat.
You kill the bat!
Bloax's ghost hits you!
You die...

. #.... #....#
#....# #....#
##....##
#......#
########...#
#<.%@W.....#
#.######...##
###..#####
#<.....#
##..#####
##..##
#...######...#
#......[.).##
#..######..#


You could see Bloax's ghost.

Vanquished Creatures
  An ogre (D:3)
  2 orc priests (D:3)
  An orc wizard (D:3)
  An adder (D:3)
  3 worms
  An ooze (D:3)
  4 giant geckos
  7 orcs (D:3)
  9 bats
  4 giant cockroaches
  8 hobgoblins
  2 ball pythons (D:3)
  7 giant newts
  13 goblins
  5 kobolds
  3 quokkas
  9 rats
80 creatures vanquished.

Notes
Turn   | Place    | Note
--------------------------------------------------------------
     0 | D:1      | Xen, the Octopode Monk, began the quest for the Orb.
     0 | D:1      | Reached XP level 1. HP: 16/16 MP: 1/1
   140 | D:1      | Reached XP level 2. HP: 18/21 MP: 2/2
   447 | D:1      | Reached skill level 5 in Unarmed Combat
   588 | D:2      | Reached XP level 3. HP: 26/26 MP: 3/3
   926 | D:2      | Found a deep blue altar of Sif Muna.
   931 | D:2      | Found a glowing silver altar of Zin.
   935 | D:2      | Found a snail-covered altar of Cheibriados.
  1204 | D:3      | Reached XP level 4. HP: 21/31 MP: 4/4
  1382 | D:3      | Reached skill level 6 in Unarmed Combat
  1389 | D:3      | Reached XP level 5. HP: 3/36 MP: 5/5
  1767 | D:3      | Noticed an ogre
  1773 | D:3      | Killed an ogre
  1773 | D:3      | Reached skill level 7 in Unarmed Combat
  1773 | D:3      | Reached XP level 6. HP: 42/42 MP: 6/6
  2092 | D:4      | Noticed Bloax's ghost (average OpFi)
  2116 | D:4      | Slain by Bloax's ghost

Action                   |  1- 3 |  4- 6 || total
-------------------------+-------+-------++-------
Melee: Unarmed           |    72 |    72 ||   144
Evoke: Wand              |       |     2 ||     2
 Stab: Sleeping          |     7 |     6 ||    13
  Eat: Chunk             |     1 |     2 ||     3
